[Event "Team 45 45 League T66"]
[Site "Internet Chess Club"]
[Date "2015.10.25"]
[Round "8"]
[White "JefferyChess"]
[Black "zap2"]
[Result "1-0"]
[WhiteElo "1814"]
[BlackElo "1812"]
[Opening "Pirc defense"]
[ECO "B07"]
[Time "11:04:10"]
[TimeControl "2700+45"]

1. e4 d6 2. d4 Nf6 3. Nc3 e5 4. dxe5 dxe5 5. Qxd8+ Kxd8 6. Nf3 Bd6 7. Bc4 Ke8 8.
O-O h6 9. h3 c6 10. a3 a5 11. Be3 b5 12. Bb3 Na6 13. Rfd1 Bc7 14. a4 b4 15. Nb5
Bb8 16. Nd6+ Ke7 17. Nxf7 Rf8 18. N7xe5 Bxe5 19. Nxe5 Ke8 20. Ng6 Nxe4 21. Nxf8
Kxf8 22. Rd8+ Ke7 23. Rg8 g5 24. f4 Nac5 25. Bxc5+ Nxc5 26. Re1+ Kd7 27. Ree8
Nxb3 28. cxb3 gxf4 29. Kf2 c5 30. Rd8+ Kc7 31. Rxc8+ Rxc8 32. Rxc8+ Kxc8 33. Kf3
Kd7 34. Kxf4 Kd6 35. Ke4 Ke6 36. g4 Kd6 37. h4 Ke6 38. g5 h5 39. g6 Kf6 40. Kd5
Kxg6 41. Kxc5 Kf5 42. Kb5 Kg4 43. Kxa5 Kxh4 44. Kxb4 Kg3 45. a5 h4 46. a6 h3 47.
a7 Kh2 48. a8=Q Kg1 49. Ka3 h2 50. b4 {Black resigns} 1-0

[Event "Team 45 45 League T66"]
[Site "Internet Chess Club"]
[Date "2015.10.24"]
[Round "8"]
[White "elessar"]
[Black "Schachteufel"]
[Result "0-1"]
[WhiteElo "1650"]
[BlackElo "1732"]
[Opening "Sicilian defense"]
[ECO "B34"]
[Time "09:00:16"]
[TimeControl "2700+45"]

1. e4 c5 2. Nf3 Nc6 3. d4 cxd4 4. Nxd4 Nf6 5. Nc3 g6 6. Be3 Bg7 7. Nxc6 bxc6 8.
e5 Ng8 9. Bd4 Qa5 10. Bc4 Bxe5 11. O-O Nf6 12. Re1 d6 13. Qe2 Ng4 14. f4 Bxd4+
15. Kh1 O-O 16. Bxf7+ Rxf7 17. Qc4 Qh5 18. h3 Bb6 19. Qxc6 Rb8 20. Qe8+ Rf8 21.
Qxe7 Nf2+ 22. Kh2 Nxh3 23. gxh3 Qxh3# {White checkmated} 0-1

[Event "Team 45 45 League T66"]
[Site "Internet Chess Club"]
[Date "2015.10.23"]
[Round "8"]
[White "mongmong"]
[Black "Hal2001"]
[Result "0-1"]
[WhiteElo "1603"]
[BlackElo "1637"]
[Opening "Queen's pawn game"]
[ECO "D04"]
[Time "20:08:52"]
[TimeControl "2700+45"]

1. d4 Nf6 2. Nf3 d5 3. e3 g6 4. Nbd2 Nbd7 5. b4 Bg7 6. Bb2 O-O 7. c4 c6 8. Be2
Qc7 9. Rc1 Re8 10. O-O a6 11. a4 Qd6 12. Qb3 b6 13. Ba3 e5 14. dxe5 Nxe5 15.
Nxe5 Qxe5 16. cxd5 cxd5 17. Bb2 Qd6 18. Nf3 Bb7 19. b5 a5 20. Nd4 Ne4 21. Ba3
Qd7 22. Qd3 Rac8 23. Rxc8 Rxc8 24. Rc1 Nc5 25. Qd1 Qd8 26. Bxc5 bxc5 27. Nb3 Qb6
28. Qd2 c4 29. Qxa5 Qd6 30. Nd4 Re8 31. Qd2 Qa3 32. Qd1 Bxd4 33. exd4 Rxe2 34.
Qxe2 Qxc1+ 35. Qf1 Qxf1+ 36. Kxf1 Kf8 37. a5 Ke8 38. a6 Ba8 39. b6 Kd8 40. b7
Bxb7 41. axb7 Kc7 42. Ke2 Kxb7 43. Kd2 Kb6 44. Kc3 f5 45. f4 Kc6 46. Kb4 Kd6 47.
h4 h6 48. g3 Ke6 49. Kc3 Kf6 50. Kb4 g5 51. hxg5+ hxg5 52. Kc5 c3 {White
resigns} 0-1

[Event "Team 45 45 League T66"]
[Site "Internet Chess Club"]
[Date "2015.10.24"]
[Round "8"]
[White "kutch"]
[Black "Invicta-Knight"]
[Result "0-1"]
[WhiteElo "1543"]
[BlackElo "1542"]
[Opening "Benkö gambit: fianchetto variation"]
[ECO "A58"]
[Time "10:09:57"]
[TimeControl "2700+45"]

1. d4 Nf6 2. c4 c5 3. d5 b5 4. cxb5 a6 5. bxa6 Bxa6 6. Nf3 g6 7. Nc3 d6 8. g3
Bg7 9. Bg2 O-O 10. O-O Nbd7 11. Re1 Nb6 12. e4 Qc7 13. Bf1 Bxf1 14. Kxf1 Rfb8
15. Qc2 Nfd7 16. b3 Ne5 17. Nxe5 Bxe5 18. Bb2 Qb7 19. Reb1 Nd7 20. Ne2 Qb5 21.
f4 Bg7 22. Bxg7 Kxg7 23. Rc1 Rc8 24. Qc4 Qxc4 25. Rxc4 Rcb8 26. Rcc1 Kf6 27. Nc3
e6 28. Ke2 Ra3 29. Kd2 Rb4 30. Kc2 c4 31. Rcb1 cxb3+ 32. Rxb3 Rbxb3 33. axb3
Rxa1 {White resigns} 0-1

[Event "Team 45 45 League T66"]
[Site "Internet Chess Club"]
[Date "2015.10.26"]
[Round "8"]
[White "jpokerflat"]
[Black "bardu"]
[Result "1-0"]
[WhiteElo "1355"]
[BlackElo "1298"]
[Opening "English opening"]
[ECO "A16"]
[Time "14:05:33"]
[TimeControl "2700+45"]

1. c4 Nf6 2. Nc3 g6 3. g3 Bg7 4. Bg2 O-O 5. Nf3 d6 6. O-O e5 7. e4 Nc6 8. d3 Bg4
9. Bg5 h6 10. Be3 Nd7 11. Qd2 g5 12. Nd5 f5 13. exf5 Rxf5 14. Ne1 Nf6 15. f3 Bh5
16. g4 Nxg4 17. fxg4 Rxf1+ 18. Kxf1 Qf8+ 19. Qf2 Qxf2+ 20. Bxf2 Bxg4 21. Nxc7
Rf8 22. Nb5 e4 23. Bxe4 Bxb2 24. Rb1 Bd4 25. Nxd4 Nxd4 26. Kg2 Ne2 27. Rxb7 Nf4+
28. Kg3 h5 29. Bh7+ Kh8 30. Bd4+ {Black resigns} 1-0

[Event "Team 45 45 League T66"]
[Site "Internet Chess Club"]
[Date "2015.10.26"]
[Round "8"]
[White "PsyMar"]
[Black "medsurg"]
[Result "1-0"]
[WhiteElo "1382"]
[BlackElo "1410"]
[Opening "Petrov: modern attack, main line"]
[ECO "C43"]
[Time "18:00:14"]
[TimeControl "2700+45"]

1. e4 e5 2. Nf3 Nf6 3. d4 exd4 4. e5 Ne4 5. Qxd4 d5 6. exd6 Nxd6 7. Nc3 Nc6 8.
Bb5 Bd7 9. Qe3+ Qe7 10. O-O Qxe3 11. Bxe3 a6 12. Ba4 Nc4 13. Rfe1 O-O-O 14. Bg5
f6 15. Bf4 Bc5 16. Nd5 Nd6 17. c3 a5 18. Rab1 Rhe8 19. a3 Bf5 20. Rbc1 Be4 21.
Ne3 g5 22. b4 gxf4 23. bxc5 fxe3 24. cxd6 Bxf3 25. dxc7 exf2+ 26. Kxf2 Kxc7 27.
Kxf3 Ne5+ 28. Kg3 Rg8+ 29. Kh3 Rg6 30. Re4 Rd2 31. Rc2 Rd3+ 32. g3 h5 33. Be8
Rh6 34. Rh4 Nf3 35. Rxh5 Rxh5+ 36. Bxh5 Ng5+ 37. Kg2 Re3 38. Kf2 Re5 39. h4 Ne4+
40. Kf3 Rxh5 41. Kxe4 Kc6 42. Rf2 Re5+ 43. Kd3 Re6 44. h5 Re7 45. Rxf6+ Kd5 46.
Rf5+ {Black resigns} 1-0